 Dungeon Crawl Stone Soup version 0.30-a0-1157-g2cc9ac7196 (webtiles) character file.

Game seed: 17158034064371751161

11320 iambehindu the Severer (level 11, -18/82 HPs)
             Began as a Minotaur Berserker on Apr 24, 2023.
             Was an Elder of Trog.
             Demolished by an ettin
             ... wielding a +0 dire flail
              (36 damage)
             ... on level 10 of the Dungeon on Apr 25, 2023.
             The game lasted 01:02:52 (11887 turns).

iambehindu the Severer (Minotaur Berserker)        Turns: 11887, Time: 01:02:52

Health: -18/82     AC: 20    Str: 25    XL:     11   Next: 47%
Magic:  10/10      EV:  8    Int:  4    God:    Trog [****..]
Gold:   785        SH:  0    Dex: 11    Spells: 10/10 levels left

rFire   . . .        H - +4 battleaxe
rCold   . . .        (shield currently unavailable)
rNeg    . . .        c - +1 plate armour
rPois   .            (helmet restricted)
rElec   .            (no cloak)
rCorr   +            q - +0 pair of gloves
SInv    .            K - +0 pair of boots
Will    .....        J - amulet of regeneration Stlth
                     f - ring of resist corrosion
HPRegen 1.13/turn    (no ring)
MPRegen 0.12/turn

%: no passive effects
@: no status effects
A: horns 2, retaliatory headbutt
a: Renounce Religion, Berserk, Trog's Hand, Brothers in Arms


You were on level 10 of the Dungeon.
You worshipped Trog.
Trog was greatly pleased with you.
You visited 2 branches of the dungeon, and saw 11 of its levels.

You collected 785 gold pieces.

Inventory:

Hand Weapons
 a - a +0 hand axe
 H - a +4 battleaxe (weapon)
 R - a +0 broad axe
Armour
 b - a +0 animal skin
 c - a +1 plate armour (worn)
 g - a +3 chain mail
 q - a +0 pair of gloves (worn)
 F - a +0 pair of gloves
 K - a +0 pair of boots (worn)
 S - a +0 troll leather armour
Jewellery
 d - a ring of willpower
 f - a ring of resist corrosion (left hand)
 k - a ring of protection from cold
 s - an amulet of reflection
 J - an amulet of regeneration (around neck)
 O - an amulet of magic regeneration
 Q - a ring of protection from cold
Wands
 x - a wand of paralysis (8)
 y - a wand of acid (8)
 E - a wand of roots (17)
 I - a wand of polymorph (16)
 L - a wand of mindburst (10)
 N - a wand of flame (9)
Scrolls
 e - 4 scrolls of blinking
 l - a scroll of fog {unknown}
 n - 2 scrolls of butterflies {unknown}
 A - 4 scrolls of fear
 B - a scroll of silence {unknown}
 D - a scroll of torment {unknown}
 G - 2 scrolls of vulnerability {unknown}
 M - a scroll of acquirement {unknown}
 U - a scroll of teleportation {unknown}
Potions
 h - 3 potions of ambrosia
 i - a potion of might {unknown}
 j - 6 potions of brilliance
 m - 2 potions of resistance {unknown}
 o - 2 potions of mutation {unknown}
 p - 5 potions of flight {unknown}
 r - 3 potions of magic {unknown}
 t - 2 potions of attraction {unknown}
 u - 2 potions of lignification {unknown}
 w - 2 potions of haste {unknown}
 z - a potion of berserk rage {unknown}
 C - 3 potions of curing
 P - 3 potions of degeneration
 T - a potion of heal wounds
 V - 2 potions of invisibility {unknown}


   Skills:
 - Level 3.6 Fighting
 + Level 17.3 Axes
 + Level 13.1 Armour
 - Level 2.1 Dodging
 - Level 0.5 Stealth
 + Level 1.9 Evocations


You had 10 spell levels left.
You didn't know any spells.
Your spell library was empty.

Dungeon Overview and Level Annotations

Branches:
Dungeon (10/15)            Temple (0/1) D:5            Lair (0/5) D:10
    Orc (1/2) D:10

Altars:
Dithmenos
Elyvilon
Hepliaklqana
Kikubaaqudgha
Nemelex Xobeh
Okawaru
Vehumet
Xom

Annotations:
D:4 2 transporters, gelatine's ghost, novice DsGl
D:7 2 transporters, jasper's ghost, novice SpCj


Innate Abilities, Weirdness & Mutations

You have a pair of horns on your head.
You reflexively headbutt those who attack you in melee.


Message History

There is an open door here.
There is an open door here.
The sentinel's mark upon you fades away.
There is a staircase to the Orcish Mines, spattered with blood here.
There is a staircase to the Orcish Mines, spattered with blood here.
You climb downwards.
Welcome back to the Orcish Mines!
The warg bites you but does no damage. The warg bites you.
There is a staircase back to the Dungeon, spattered with blood here.
The warg barely misses you.
An orc comes into view. It is wielding a +0 mace.
The warg bites you but does no damage. The ettin barely misses you.
You furiously retaliate!
You headbutt the ettin! The ettin barely misses you.
The warg bites you but does no damage.
You climb upwards.
Welcome back to the Dungeon!
There is a staircase to the Orcish Mines, spattered with blood here.
You hit the ettin.
The ettin is moderately wounded.
You hit the warg. The warg barely misses you.
The ettin hits you with a +0 dire flail!!
The ettin barely misses you.
You hit the ettin.
You headbutt the ettin, but do no damage.
The ettin is moderately wounded.
You hit the warg but do no damage. The warg bites you but does no damage.
The ettin hits you but does no damage.
The ettin hits you with a +0 dire flail.
You barely miss the ettin. Your headbutt misses the ettin.
The ettin is moderately wounded.
You slice the warg!! The warg bites you but does no damage.
The ettin hits you with a +0 dire flail.
The ettin hits you with a +0 dire flail!
You slash the ettin!
The ettin is heavily wounded.
You slice the warg!!
You kill the warg!
Trog accepts your kill.
The ettin hits you with a +0 dire flail!!
* * * LOW HITPOINT WARNING * * *
The ettin hits you with a +0 dire flail!!!
You die...

# ### ### ###
###8###8###8#######
.#...#...#...#.§≈≈#
.............#.)≈≈#
.............'.†@≈#
.............#.C≈≈#
.#...#...#...#.≈≈≈#
###8###.###8#######
##### ########
<.#######.##.#
..........##.#
.###########)#
...........#.#


You could see an ettin.

Vanquished Creatures
  A two-headed ogre (D:10)
  Amaemon (D:9)
  Pikel (D:5)
  An orc knight (D:10)
  A deep elf pyromancer (D:10)
  An unseen horror (D:9)
  An orange demon (D:9)
  A kobold demonologist (D:10)
  4 trolls (D:10)
  5 hornets
  A wraith (D:9)
  5 yaks
  3 wyverns
  A steam dragon (D:9)
  A warg (D:10)
  An acid dragon (D:8)
  A water moccasin (D:8)
  3 sky beasts
  6 orc warriors
  2 ice beasts
  2 ogres (D:4)
  4 centaurs
  2 gnoll sergeants
  2 scorpions
  13 wights
  4 killer bees (D:10)
  8 howler monkeys
  2 hounds
  3 jellies
  11 orc priests
  5 gnoll boudas
  2 sleepcaps
  4 iguanas
  10 orc wizards
  7 adders
  19 gnolls
  A white imp (D:7)
  2 ufetubi
  A worm (D:5)
  4 dart slugs
  29 orcs
  4 bats
  8 endoplasms
  A giant cockroach (D:4)
  6 goblins
  5 hobgoblins
  10 kobolds
  4 quokkas
  12 ball pythons
  2 frilled lizards (D:2)
  2 butterflies (D:6)
230 creatures vanquished.

Vanquished Creatures (collateral kills)
  2 orc warriors (D:10)
  An orc priest (D:10)
  An orc wizard (D:10)
  An orc (D:10)
5 creatures vanquished.

Grand Total: 235 creatures vanquished

Notes
Turn   | Place    | Note
-------+----------+-------------------------------------------
     0 | D:1      | iambehindu the Minotaur Berserker began the quest for the
                  | Orb.
     0 | D:1      | Reached XP level 1. HP: 19/19 MP: 0/0
    92 | D:1      | Reached skill level 4 in Axes
   311 | D:1      | Reached XP level 2. HP: 23/26 MP: 1/1
  1022 | D:2      | Reached skill level 5 in Axes
  1124 | D:2      | Reached XP level 3. HP: 31/31 MP: 2/2
  1744 | D:3      | Reached ** piety under Trog
  1940 | D:3      | Reached XP level 4. HP: 37/39 MP: 3/3
  2105 | D:3      | Found a radiant altar of Vehumet.
  2105 | D:3      | Found a white marble altar of Elyvilon.
  2223 | D:3      | Found an iron altar of Okawaru.
  2274 | D:3      | Reached skill level 6 in Axes
  2371 | D:3      | Found a faded altar of an unknown god.
  2376 | D:3      | Found a hazy altar of Hepliaklqana.
  2537 | D:3      | Found a shadowy altar of Dithmenos.
  2759 | D:4      | Noticed an ogre
  2775 | D:4      | Killed an ogre
  2776 | D:4      | Reached XP level 5. HP: 45/45 MP: 4/4
  2830 | D:4      | Reached skill level 7 in Axes
  3152 | D:4      | Found a transporter.
  3173 | D:4      | Found a transporter.
  3219 | D:4      | Noticed an ancient zyme
  3282 | D:4      | Noticed gelatine's ghost (novice DsGl)
  3581 | D:4      | Reached XP level 6. HP: 40/51 MP: 5/5
  3777 | D:4      | Reached skill level 8 in Axes
  4208 | D:5      | Entered Level 5 of the Dungeon
  4254 | D:5      | Reached *** piety under Trog
  4306 | D:5      | Reached XP level 7. HP: 50/57 MP: 6/6
  4387 | D:5      | Noticed Pikel
  4396 | D:5      | Killed Pikel
  4397 | D:5      | Reached skill level 10 in Axes
  4397 | D:5      | Reached skill level 5 in Armour
  4465 | D:5      | Reached XP level 8. HP: 42/64 MP: 7/7
  4689 | D:5      | Identified the +0 scale mail "Paahi" {+Blink rN+ Regen+}
  4988 | D:5      | Found a staircase to the Ecumenical Temple.
  5028 | D:5      | Reached skill level 11 in Axes
  5641 | D:6      | Found a shimmering altar of Xom.
  6601 | D:7      | Reached skill level 12 in Axes
  6620 | D:7      | Reached XP level 9. HP: 68/70 MP: 8/8
  7154 | D:7      | Paralysed by a hornet for 1 turns
  7673 | D:7      | Found a transporter.
  7673 | D:7      | Identified the +7 dire flail "Ticud" {freeze, Fly rPois rN+
                  | Str-5}
  7673 | D:7      | Identified the +8 dire flail "Zujutu" {flame, rPois}
  7673 | D:7      | Noticed a two-headed ogre
  7673 | D:7      | Noticed jasper's ghost (novice SpCj)
  7675 | D:7      | Found a transporter.
  7779 | D:7      | Found a sparkling altar of Nemelex Xobeh.
  8146 | D:8      | Reached skill level 13 in Axes
  8170 | D:8      | Reached **** piety under Trog
  8810 | D:8      | Reached skill level 10 in Armour
  9300 | D:9      | Paralysed by a hornet for 2 turns
  9303 | D:9      | Reached XP level 10. HP: 73/77 MP: 9/9
  9367 | D:9      | Reached skill level 14 in Axes
  9481 | D:9      | Paralysed by a hornet for 3 turns
  9491 | D:9      | Reached skill level 1 in Evocations
  9603 | D:9      | Noticed an orange demon
  9603 | D:9      | Noticed Amaemon
  9626 | D:9      | Killed Amaemon
  9630 | D:9      | Killed an orange demon
  9631 | D:9      | Reached skill level 15 in Axes
 10471 | D:10     | Entered Level 10 of the Dungeon
 10729 | D:10     | Reached skill level 16 in Axes
 10729 | D:10     | Reached XP level 11. HP: 82/82 MP: 10/10
 10775 | D:10     | Noticed a deep elf pyromancer
 10784 | D:10     | Killed a deep elf pyromancer
 11015 | D:10     | Found a staircase to the Orcish Mines.
 11078 | D:10     | Noticed a two-headed ogre
 11084 | D:10     | Killed a two-headed ogre
 11239 | D:10     | Found an ancient bone altar of Kikubaaqudgha.
 11334 | D:10     | Found a staircase to the Lair.
 11626 | Orc:1    | Entered Level 1 of the Orcish Mines
 11626 | Orc:1    | Noticed an orc knight
 11638 | D:10     | Reached skill level 17 in Axes
 11716 | D:10     | Killed an orc knight
 11880 | Orc:1    | Noticed an ettin
 11887 | D:10     | Demolished by an ettin

Illustrated notes

Levels and vault maps discovered:
D:1:      lightli_arrival_lavapool, layout_basic
D:2:      layout_basic, minmay_misc_feat_square
D:3:      layout_basic, nicolae_overflow_ecumenical_swirl, lemuel_round_altar,
          nicolae_overflow_two_pavilions, okawaru_gym_becter
D:4:      layout_layer_cave, gammafunk_ghost_abyssal_escape,
          kennysheep_decorative_pillar
D:5:      layout_loops_cross, temple_fountains, uniq_pikel
D:6:      kennysheep_spiral_hall, layout_loops_ring, xom_butterflies,
          chequers_serial_rivers_small_a
D:7:      layout_rooms, nemelex_spade_bored_becter, serial_rivers,
          chequers_serial_rivers_small_b, chequers_serial_rivers_micro_b,
          chequers_serial_rivers_micro_b, chequers_serial_rivers_micro_c,
          gammafunk_ghost_smash
D:8:      layout_loops_corners, chequers_hall_statues_y
D:9:      minmay_ornate_pinched, layout_loops_corners, serial_rivers,
          chequers_serial_rivers_large_a, chequers_serial_rivers_micro_d,
          chequers_serial_rivers_micro_c, chequers_serial_rivers_small_b,
          chequers_serial_rivers_large_b, uniq_amaemon
D:10:     layout_basic, amcnicky_altar_gilded, lair_entry_dummy, david_orc_4,
          kennysheep_generic_room_8
Orc:1:    giant_chief_lemuel, layout_caves, basic_altar, serial_shops, shop

Skill      XL: |  1  2  3  4  5  6  7  8  9 10 11 |
---------------+----------------------------------+-----
Axes           | 4 5 6 7 8 10 12 13 16 17 | 17.3
Armour         | 3 4 5 8 10 12 13 | 13.1
Evocations     | 1 |  1.9
Fighting       | |  3.6
Dodging        | |  2.1
Stealth        | |  0.5

Action                     |  1- 3 |  4- 6 |  7- 9 | 10-12 || total
---------------------------+-------+-------+-------+-------++-------
  Melee: Hand axe          |    90 |   116 |   184 |       ||   390
         Headbutt          |    17 |    25 |    66 |    45 ||   153
         Punch             |       |     1 |     2 |       ||     3
         Battleaxe         |       |       |    82 |   202 ||   284
 Invoke: Berserk           |       |       |     1 |     2 ||     3
         Brothers in Arms  |       |       |       |     2 ||     2
  Evoke: Wand              |       |       |     3 |     6 ||     9
    Use: Scroll            |       |     2 |     3 |     9 ||    14
         Potion            |       |       |     4 |       ||     4
 Armour: Animal skin       |     7 |       |       |       ||     7
         Chain mail        |    29 |    37 |   118 |   124 ||   308
         Plate armour      |       |       |       |    13 ||    13
  Dodge: Dodged            |    50 |    44 |   110 |    88 ||   292
  Block: Other             |       |    19 |    30 |       ||    49
         Reflection        |       |       |     4 |       ||     4

Table legend: (Time is in decaauts)
 A = Elapsed time spent in this place.
 B = Non-inter-level travel time spent in this place.
 C = Inter-level travel time spent in this place.
 D = Time resting spent in this place.
 E = Time spent auto-exploring this place.
 F = Levels seen in this place.
 G = Mean time per level.
                   A        B        C        D        E       F      G
               +--------+--------+--------+--------+--------+-----+--------+
         Total |  11931 |  11929 |      2 |      0 |   4090 |  11 | 1084.6 |
       Dungeon |  11879 |  11877 |      2 |      0 |   4090 |  10 | 1187.9 |
  Orcish Mines |     51 |     51 |      0 |      0 |      0 |   1 |   51.0 |
               +--------+--------+--------+--------+--------+-----+--------+

Top non-repeatable levels by time:
     D:9: 1491 daAuts
     D:4: 1452 daAuts
    D:10: 1370 daAuts
     D:7: 1361 daAuts
     D:8: 1231 daAuts
     D:5: 1166 daAuts
     D:3: 1143 daAuts
     D:6: 1050 daAuts
     D:1: 874 daAuts
     D:2: 739 daAuts
   Orc:1: 51 daAuts
